% Time on Ice - ANAHEIM OUTLAWS
Lines # - Real PCT - Wanted PCT - Time Play
Normal Forward
1 - 26% - 36% - 13:47
2 - 37% - 31% - 19:28
3 - 16% - 23% - 8:16
4 - 21% - 10% - 11:12
Normal Defense
1 - 36% - 36% - 18:43
2 - 32% - 31% - 16:57
3 - 28% - 23% - 14:58
4 - 4% - 10% - 2:05
PP Forward
1 - 44% - 55% - 2:20
2 - 56% - 45% - 2:58
PP Defense
1 - 49% - 55% - 2:37
2 - 51% - 45% - 2:41
PK Forward
1 - 51% - 55% - 1:01
2 - 49% - 45% - 0:58
PK Defense
1 - 54% - 55% - 1:04
2 - 46% - 45% - 0:55
PK3 Forward
1 - 0% - 55%
2 - 0% - 45%
PK3 Defense
1 - 0% - 55%
2 - 0% - 45%
44 Forward
1 - 0% - 55%
2 - 0% - 45%
44 Defense
1 - 0% - 55%
2 - 0% - 45%
Last Minute Offensive  - 0:00
Last Minute Defensive  - 0:00
Total
Forward - 60:00
Defense - 60:00
% Time on Ice - RENO LIONS
Lines # - Real PCT - Wanted PCT - Time Play
Normal Forward
1 - 34% - 35% - 17:51
2 - 30% - 35% - 16:03
3 - 22% - 20% - 11:48
4 - 13% - 10% - 7:01
Normal Defense
1 - 35% - 36% - 18:37
2 - 31% - 31% - 16:09
3 - 28% - 23% - 14:34
4 - 6% - 10% - 3:23
PP Forward
1 - 71% - 70% - 1:24
2 - 29% - 30% - 0:35
PP Defense
1 - 60% - 60% - 1:11
2 - 40% - 40% - 0:48
PK Forward
1 - 54% - 55% - 2:52
2 - 46% - 45% - 2:26
PK Defense
1 - 59% - 55% - 3:09
2 - 41% - 45% - 2:09
PK3 Forward
1 - 0% - 55%
2 - 0% - 45%
PK3 Defense
1 - 0% - 55%
2 - 0% - 45%
44 Forward
1 - 0% - 55%
2 - 0% - 45%
44 Defense
1 - 0% - 55%
2 - 0% - 45%
Last Minute Offensive  - 0:00
Last Minute Defensive  - 0:00
Total
Forward - 60:00
Defense - 60:00
Play-by-Play 1st period 0:01 of 1st period - Steven Stamkos wins face-off versus Pierre Engvall in neutral zone. 0:04 of 1st period - Haydn Fleury is hit by Steven Stamkos and loses puck. 0:17 of 1st period - Jacob Trouba is hit by Michael Bunting and loses puck. 1:03 of 1st period - Icing by Ilya Mikheyev. 1:04 of 1st period - Derek Grant wins face-off versus Sam Bennett in RENO LIONS zone. 1:11 of 1st period - Adrian Kempe is hit by Derek Grant and loses puck. 1:40 of 1st period - Noah Hanifin is hit by Nikita Zadorov and loses puck. 2:07 of 1st period - Shot by Andreas Johnsson. 2:07 of 1st period - Shot Misses the Net. 2:09 of 1st period - Shot by Andreas Johnsson. 2:09 of 1st period - Shot Misses the Net. 2:11 of 1st period - Shot by Robert Hagg. 2:11 of 1st period - Shot Misses the Net. 2:13 of 1st period - Shot by Robert Hagg. 2:13 of 1st period - Shot Blocked by Noah Hanifin. 2:15 of 1st period - Shot by Ethan Bear. 2:15 of 1st period - Stopped by Robin Lehner without a rebound. 2:16 of 1st period - Laurent Dauphin wins face-off versus Michael Rasmussen in ANAHEIM OUTLAWS zone. 2:53 of 1st period - Shot by Dylan Coghlan. 2:53 of 1st period - Stopped by Eric Comrie without a rebound. 2:54 of 1st period - Pius Suter wins face-off versus Vincent Hinostroza in RENO LIONS zone. 2:54 of 1st period - Morgan Rielly is hit by Robert Hagg. 2:55 of 1st period - Minor Penalty to Jack Quinn for Slashing. 2:56 of 1st period - Jeff Skinner wins face-off versus Elias Pettersson in ANAHEIM OUTLAWS zone. 3:27 of 1st period - Sam Bennett is hit by Ilya Mikheyev. 4:02 of 1st period - Icing by Andreas Johnsson. 4:03 of 1st period - Jeff Skinner wins face-off versus Kirill Kaprizov in RENO LIONS zone. 4:16 of 1st period - Shot by Andreas Johnsson. 4:16 of 1st period - Shot Misses the Net. 4:18 of 1st period - Shot by Kirill Kaprizov. 4:18 of 1st period - Stopped by Robin Lehner without a rebound. 4:19 of 1st period - Sam Bennett wins face-off versus Ilya Mikheyev in ANAHEIM OUTLAWS zone. 4:43 of 1st period - Icing by Oliver Ekman-Larsson. 4:44 of 1st period - Sam Bennett wins face-off versus Elias Pettersson in RENO LIONS zone. 5:06 of 1st period - Shot by Pius Suter. 5:06 of 1st period - Shot Misses the Net. 5:22 of 1st period - Shot by Vincent Hinostroza. 5:22 of 1st period - Shot Misses the Net. 5:25 of 1st period - Icing by Morgan Rielly. 5:26 of 1st period - Steven Stamkos wins face-off versus Pierre Engvall in ANAHEIM OUTLAWS zone. 5:37 of 1st period - Shot by Kirill Kaprizov. 5:37 of 1st period - Deflect By Steven Stamkos. 5:37 of 1st period - Stopped by Robin Lehner without a rebound. 5:38 of 1st period - Sam Bennett wins face-off versus Derek Grant in ANAHEIM OUTLAWS zone. 5:57 of 1st period - Shot by Cam Atkinson. 5:57 of 1st period - Stopped by Robin Lehner with a rebound. 5:59 of 1st period - Shot by Cam Atkinson. 5:59 of 1st period - Shot Blocked by Henri Jokiharju. 8:07 of 1st period - Icing by Robert Hagg. 8:08 of 1st period - Pius Suter wins face-off versus Vincent Hinostroza in RENO LIONS zone. 8:48 of 1st period - Haydn Fleury is hit by Ilya Mikheyev and loses puck. 9:00 of 1st period - Cam Atkinson is hit by Haydn Fleury and loses puck. 9:17 of 1st period - Shot by Ilya Mikheyev. 9:17 of 1st period - Shot Misses the Net. 9:19 of 1st period - Shot by Jacob Trouba. 9:19 of 1st period - Stopped by Robin Lehner without a rebound. 9:20 of 1st period - Sam Bennett wins face-off versus Steven Stamkos in ANAHEIM OUTLAWS zone. 10:11 of 1st period - Icing by Sam Bennett. 10:12 of 1st period - Sam Bennett wins face-off versus Laurent Dauphin in ANAHEIM OUTLAWS zone. 10:18 of 1st period - Icing by Adrian Kempe. 10:19 of 1st period - Sam Bennett wins face-off versus Derek Grant in ANAHEIM OUTLAWS zone. 10:19 of 1st period - Sam Bennett is hit by Ilya Mikheyev. 10:26 of 1st period - Sam Bennett is hit by Derek Grant and loses puck. 10:45 of 1st period - Icing by Noah Hanifin. 10:46 of 1st period - Michael Rasmussen wins face-off versus Steven Stamkos in ANAHEIM OUTLAWS zone. 10:46 of 1st period - Michael Rasmussen is hit by Kirill Kaprizov. 12:22 of 1st period - Shot by Michael Bunting. 12:22 of 1st period - Shot Misses the Net. 12:49 of 1st period - Off-side. 12:50 of 1st period - Steven Stamkos wins face-off versus Sam Bennett in neutral zone. 12:56 of 1st period - Steven Stamkos is hit by Thomas Hickey and loses puck. 13:10 of 1st period - Minor Penalty to Mattias Samuelsson for Hooking. 13:11 of 1st period - Patrick Brown wins face-off versus Kent Johnson in RENO LIONS zone. 14:17 of 1st period - Shot by Kevin Fiala. 14:17 of 1st period - Shot Hit the Post. 14:19 of 1st period - Shot by Kevin Fiala. 14:19 of 1st period - Stopped by Eric Comrie without a rebound. 14:20 of 1st period - Sam Bennett wins face-off versus Patrick Brown in RENO LIONS zone. 15:10 of 1st period - Michael Rasmussen is hit by Nikita Zadorov and loses puck. 15:18 of 1st period - Pius Suter is hit by Nikita Zadorov and loses puck. 15:31 of 1st period - Shot by Pierre Engvall. 15:31 of 1st period - Deflect By Pius Suter. 15:31 of 1st period - Shot Blocked by Nikita Zadorov. 15:34 of 1st period - Pierre Engvall is hit by Nikita Zadorov and loses puck. 16:02 of 1st period - Minor Penalty to Mattias Samuelsson for Tripping. 16:03 of 1st period - Sam Bennett wins face-off versus Patrick Brown in RENO LIONS zone. 16:14 of 1st period - Shot by Kevin Fiala. 16:14 of 1st period - Shot Misses the Net. 16:16 of 1st period - Shot by Noah Hanifin. 16:16 of 1st period - Goal by Noah Hanifin - ANAHEIM OUTLAWS : 1 - RENO LIONS : 0. 16:17 of 1st period - Sam Bennett wins face-off versus Vincent Hinostroza in neutral zone. 16:29 of 1st period - Shot by Nicholas Ritchie. 16:29 of 1st period - Stopped by Robin Lehner without a rebound. 16:30 of 1st period - Derek Grant wins face-off versus Pierre Engvall in ANAHEIM OUTLAWS zone. 16:54 of 1st period - Michael Bunting is hit by Oliver Ekman-Larsson and loses puck. 17:09 of 1st period - Shot by Kevin Fiala. 17:09 of 1st period - Stopped by Eric Comrie without a rebound. 17:10 of 1st period - Sam Bennett wins face-off versus Vincent Hinostroza in RENO LIONS zone. 17:51 of 1st period - Shot by Sam Bennett. 17:51 of 1st period - Deflect By Jeff Skinner. 17:51 of 1st period - Shot Misses the Net. 18:33 of 1st period - Shot by Kent Johnson. 18:33 of 1st period - Shot Blocked by Robert Hagg. 18:51 of 1st period - Shot by Cam Atkinson. 18:51 of 1st period - Stopped by Robin Lehner without a rebound. 18:52 of 1st period - Steven Stamkos wins face-off versus Pierre Engvall in ANAHEIM OUTLAWS zone. Goals for this period are 1 for ANAHEIM OUTLAWS vs 0 for RENO LIONS. Shots for this period are 4 for ANAHEIM OUTLAWS vs 7 for RENO LIONS. 2nd period 0:01 of 2nd period - Kevin Fiala wins face-off versus Derek Grant in neutral zone. 0:20 of 2nd period - Shot by Michael Bunting. 0:20 of 2nd period - Stopped by Eric Comrie without a rebound. 0:21 of 2nd period - Adrian Kempe wins face-off versus Laurent Dauphin in RENO LIONS zone. 0:21 of 2nd period - Sam Bennett is hit by Oliver Ekman-Larsson and loses puck. 1:00 of 2nd period - Shot by Jeff Skinner. 1:00 of 2nd period - Stopped by Eric Comrie without a rebound. 1:01 of 2nd period - Derek Grant wins face-off versus Pierre Engvall in RENO LIONS zone. 1:39 of 2nd period - Shot by Michael Bunting. 1:39 of 2nd period - Stopped by Eric Comrie without a rebound. 1:40 of 2nd period - Steven Stamkos wins face-off versus Sam Bennett in RENO LIONS zone. 1:52 of 2nd period - Icing by Dylan Coghlan. 1:53 of 2nd period - Sam Bennett wins face-off versus Laurent Dauphin in ANAHEIM OUTLAWS zone. 2:02 of 2nd period - Shot by Jeff Skinner. 2:02 of 2nd period - Stopped by Eric Comrie without a rebound. 2:03 of 2nd period - Steven Stamkos wins face-off versus Pius Suter in RENO LIONS zone. 2:34 of 2nd period - Shot by Jack Quinn. 2:34 of 2nd period - Deflect By Pierre Eng